 Dungeon Crawl Stone Soup version 0.29-a0-330-g52719c12eb (webtiles) character file.

Game seed: 9355760314246130533

478 Crownlay the Chiller (level 7, -2/50 HPs)
             Began as a Gnoll Ice Elementalist on May 6, 2022.
             Was a Believer of Uskayaw.
             Slain by Edmund
             ... wielding a +4 flail of distortion
              (5 damage)
             ... on level 5 of the Dungeon.
             The game lasted 00:13:58 (4140 turns).

Crownlay the Chiller (Gnoll Ice Elementalist)       Turns: 4140, Time: 00:13:59

Health: -2/50      AC: 11    Str:  7    XL:     7   Next: 11%
Magic:  13/15      EV: 14    Int: 16    God:    Uskayaw [**....]
Gold:   111        SH:  0    Dex: 13    Spells: 10/17 levels left

rFire   . . .      SeeInvis .   u - +0 dagger
rCold   . . .      Faith    .   (no shield)
rNeg    . . .      Spirit   .   a - +0 robe
rPois   .          Reflect  .   i - +0 helmet
rElec   .          Harm     .   (no cloak)
rCorr   .          Rampage  .   k - +0 pair of gloves
Will    .....                   (no boots)
Stlth   +++.......              s - amulet of magic regeneration
HPRegen 0.16/turn               (no ring)
MPRegen 0.54/turn               (no ring)

@: ice-armoured, freezing walls
A: fangs 1, strong nose, distributed training
a: Renounce Religion, Stomp, Line Pass


You were on level 5 of the Dungeon.
You worshipped Uskayaw.
Uskayaw was noncommittal.
You visited 1 branch of the dungeon, and saw 5 of its levels.

You collected 251 gold pieces.
You spent 140 gold pieces at shops.


Innate Abilities, Weirdness & Mutations

You have very sharp teeth.
Your uncanny sense of smell can sniff out nearby items.
Your experience applies equally to all skills.


   Skills:
 + Level 2.2 Fighting
 + Level 2.2 Short Blades
 + Level 2.2 Long Blades
 + Level 2.2 Axes
 + Level 2.2 Maces & Flails
 + Level 2.2 Polearms
 + Level 2.2 Staves
 + Level 2.2 Slings
 + Level 2.2 Bows
 + Level 2.2 Crossbows
 + Level 2.2 Throwing
 + Level 2.2 Armour
 + Level 5.1 Dodging
 + Level 4.8 Stealth
 + Level 2.2 Shields
 + Level 2.2 Unarmed Combat
 + Level 5.5 Spellcasting
 + Level 1.8 Conjurations
 + Level 1.8 Hexes
 + Level 1.8 Summonings
 + Level 1.8 Necromancy
 + Level 1.8 Translocations
 + Level 1.8 Transmutations
 + Level 1.8 Fire Magic
 + Level 7.3 Ice Magic
 + Level 1.8 Air Magic
 + Level 1.8 Earth Magic
 + Level 1.8 Poison Magic
 + Level 2.5 Invocations
 + Level 2.2 Evocations


You had 10 spell levels left.
You knew the following spells:

 Your Spells              Type           Power      Damage    Failure   Level
f - Freeze                Ice            100%       1d11      1%          1
o - Ozocubu's Armour      Ice            28%        N/A       1%          3
r - Frozen Ramparts       Ice            56%        1d7       1%          3

Your spell library contained the following spells:

 Spells                   Type           Power      Damage    Failure   Level
 Magic Dart               Conj           40%        1d5       7%          1
 Hailstorm                Conj/Ice       19%        3d6       22%         4

Inventory:

Hand Weapons
 u - a +0 dagger (weapon)
   (You took it off a goblin on level 4 of the Dungeon)
Missiles
 c - 202 stones
 q - 3 boomerangs
Armour
 a - a +0 robe (worn)
 i - a +0 helmet (worn)
   (You found it on level 1 of the Dungeon)
 k - a +0 pair of gloves (worn)
   (You found it on level 1 of the Dungeon)
Jewellery
 s - an amulet of magic regeneration (around neck)
   (You found it on level 4 of the Dungeon)
Wands
 t - a wand of paralysis (7)
   (You found it on level 4 of the Dungeon)
Scrolls
 e - 2 scrolls of enchant weapon
 g - 2 scrolls of teleportation {@r4}
 l - a scroll of identify {@r1}
 p - a scroll of fear
 r - a scroll of fog
Potions
 b - 2 potions of magic
 d - 4 potions of heal wounds {@q2}
 h - 4 potions of flight
 j - 2 potions of ambrosia
 m - 6 potions of curing {unknown}
 n - a potion of haste {@q3}
 o - a potion of lignification {!q}

Dungeon Overview and Level Annotations

Branches:
Dungeon (5/15)
 Temple: D:4-7

Altars:
Elyvilon
Hepliaklqana
Kikubaaqudgha
Makhleb
Sif Muna
Uskayaw
Vehumet
Wu Jian
Xom
The Shining One

Shops:
D:4 *

Annotations:
D:5 Edmund, Menkaure

∆.#.# ## ∆
... ..
..##@# #
#s..
#.##.#
#..SM#
......##.#
##... #@#
#.. #@# ##
### ∆ ∆


You could see Edmund, Menkaure, a scorpion and an adder.


Message History

MASSIVE DAMAGE!! (PAUSE)
Casting: Ozocubu's Armour (dangerous; 2% risk of failure)
Confirm with . or Enter, or press ? or * to list all spells.
Aiming: Freeze (safe; 1% risk of failure)
Press: ? - help, Shift-Dir - straight line, f - howler monkey
Aim: a howler monkey (severely wounded)
You freeze the howler monkey.
You feel sick. The howler monkey misses you.
Casting: Freeze (safe; 1% risk of failure)
Confirm with . or Enter, or press ? or * to list all spells.
Aiming: Freeze (safe; 1% risk of failure)
Press: ? - help, Shift-Dir - straight line, f/p - howler monkey
Aim: a howler monkey (severely wounded)
You freeze the howler monkey.
You kill the howler monkey!
You feel sick.
Uskayaw will force your foes to share their pain.
HP[-1] MP[-1]
You take 1 damage, and now have 5/50 hp.
You lost 1 mp, and now have 13/15 mp.
You start resting.
You feel sick.
You are no longer poisoned.
HP[-1] MP[+2]
You take 1 damage, and now have 4/50 hp.
Your mp is fully restored (15).
You start resting.
HP[+46]
Your hp is fully restored (50).
As you read the scroll of identify {@r1}, it crumbles to dust.
j - 2 potions of ambrosia
As you read the scroll of identify {@r1}, it crumbles to dust.
o - a potion of lignification
As you read the scroll of identify {@r1}, it crumbles to dust.
n - a potion of haste
As you read the scroll of identify {@r1}, it crumbles to dust.
f - a potion of degeneration You drop a potion of degeneration {!q}.
You climb downwards.
Level annotation: Edmund, Menkaure Edmund says, "People accused me of being a cutpurse!"
Edmund hits you with a +4 flail of distortion!
Edmund misses you.
There is a stone staircase leading up, spattered with blood here.
HP[-8]
You take 8 damage, and now have 42/50 hp.
Casting: Freeze (safe; 1% risk of failure)
Confirm with . or Enter, or press ? or * to list all spells.
A film of ice covers your body!
Menkaure's ankle releases a plume of dust as he confides, "I'm not really a mummy, you know."
Edmund completely misses you.
MP[-3]
You lost 3 mp, and now have 12/15 mp.
Casting: Ozocubu's Armour (safe; 1% risk of failure)
Confirm with . or Enter, or press ? or * to list all spells.
Casting: Frozen Ramparts (safe; 1% risk of failure)
Press: ? - help, Dir - look around, f - activate A stone staircase leading up, spattered with blood.
The walls around you are covered in ice.
The wall freezes Edmund.
Edmund barely misses you.
MP[-2]
You lost 2 mp, and now have 10/15 mp.
Casting: Frozen Ramparts (safe; 1% risk of failure)
Confirm with . or Enter, or press ? or * to list all spells.
Okay, then.
Unknown command.
You hit Edmund but do no damage.
Menkaure calls on the powers of darkness!
Edmund convulses!
Your body is wracked with pain!
* * * LOW HITPOINT WARNING * * *
HP[-20] MP[+1]
You take 20 damage, and now have 22/50 hp.
MASSIVE DAMAGE!! (PAUSE)
You barely miss Edmund.
The wall freezes Edmund!
Edmund barely misses you.
An adder comes into view.
The adder hisses angrily.
You hit Edmund but do no damage.
The wall freezes Edmund!
Edmund closely misses you.
A scorpion comes into view.
You can now pass through a line of other dancers.
You hit Edmund but do no damage. You punch Edmund, but do no damage.
The wall freezes Edmund.
Edmund hits you with a +4 flail of distortion.
* * * LOW HITPOINT WARNING * * *
Space warps horribly around you!
* * * LOW HITPOINT WARNING * * *
HP[-18] MP[+1]
You take 18 damage, and now have 4/50 hp.
MASSIVE DAMAGE!! (PAUSE)
You hit Edmund but do no damage.
The wall freezes Edmund.
Edmund completely misses you.
Menkaure resists.
The wall freezes Menkaure.
Menkaure calls on the powers of darkness!
The adder convulses!
Edmund convulses!
The scorpion convulses!
Your body is wracked with pain!
* * * LOW HITPOINT WARNING * * *
HP[-1]
You take 1 damage, and now have 3/50 hp.
You hit Edmund but do no damage. You bite Edmund, but do no damage.
The wall freezes Edmund.
Edmund hits you with a +4 flail of distortion.
You die...

Skill      XL: |  1  2  3  4  5  6 |
---------------+-------------------+-----
Spellcasting   | 5 |  5.5
Invocations    | 1 2 |  2.5
Fighting       | 1 2 |  2.2
Short Blades   | 1 2 |  2.2
Long Blades    | 1 2 |  2.2
Axes           | 1 2 |  2.2
Maces & Flails | 1 2 |  2.2
Polearms       | 1 2 |  2.2
Staves         | 1 2 |  2.2
Slings         | 1 2 |  2.2
Bows           | 1 2 |  2.2
Crossbows      | 1 2 |  2.2
Throwing       | 1 2 |  2.2
Armour         | 1 2 |  2.2
Shields        | 1 2 |  2.2
Unarmed Combat | 1 2 |  2.2
Evocations     | 1 2 |  2.2
Conjurations   | 1 |  1.8
Hexes          | 1 |  1.8
Summonings     | 1 |  1.8
Necromancy     | 1 |  1.8
Translocations | 1 |  1.8
Transmutations | 1 |  1.8
Fire Magic     | 1 |  1.8
Air Magic      | 1 |  1.8
Earth Magic    | 1 |  1.8
Poison Magic   | 1 |  1.8
Dodging        | 5 |  5.1
Stealth        | |  4.8
Ice Magic      | |  7.3

Action                   |  1- 3 |  4- 6 |  7- 9 || total
-------------------------+-------+-------+-------++-------
Melee: Unarmed           |     6 |     7 |       ||    13
       Bite              |     1 |     3 |     1 ||     5
       Dagger            |       |     5 |     6 ||    11
       Punch             |       |       |     1 ||     1
 Cast: Freeze            |    44 |    63 |     2 ||   109
       Ozocubu's Armour  |       |     3 |     1 ||     4
       Frozen Ramparts   |       |     3 |     1 ||     4
  Use: Scroll            |       |     5 |     4 ||     9
       Potion            |       |     1 |       ||     1
 Stab: Sleeping          |     1 |       |       ||     1
       Paralysed         |       |     1 |       ||     1
Armor: Robe              |     5 |    13 |       ||    18
Dodge: Dodged            |    29 |    32 |     9 ||    70

Levels and vault maps discovered:
D:1:      beargit_arrival_diablo_church, layout_rooms, serial_bayou_ford_a
D:2:      layout_basic, basic_altar
D:3:      layout_rooms, general_overflow_altar, elyvilon_altar_5,
          mainiacjoe_overflow_alcove_1, pf_just_have_faith,
          lemuel_coloured_pillars_altar, serial_forest,
          infiniplex_forest_clump_double, infiniplex_forest_lined_2,
          infiniplex_forest_clump_double, infiniplex_forest_clump_medium,
          infiniplex_forest_clump_double, infiniplex_forest_clump_double,
          infiniplex_forest_clump_small, shapermc_ecumenical_altar_venn,
          grunt_ministairs_13
D:4:      layout_gridville, grunt_temple_overflow_magic_moments,
          mainiacjoe_overflow_large_starburst, serial_shops,
          nicolae_square_shop, uniq_duvessa
D:5:      layout_basic, marbit_many_paths, ebering_ghost_rock_garden,
          uniq_edmund, uniq_blork_the_orc, uniq_menkaure

Notes
Turn   | Place    | Note
-------+----------+-------------------------------------------
     0 | D:1      | Crownlay the Gnoll Ice Elementalist began the quest for the
                  | Orb.
     0 | D:1      | Reached XP level 1. HP: 13/13 MP: 6/6
     0 | D:1      | magus.rc [v1.11.3]
   281 | D:1      | Reached XP level 2. HP: 17/19 MP: 4/7
   359 | D:1      | magus.rc [v1.11.3]
   359 | D:1      | magus.rc [v1.11.3]
   359 | D:1      | magus.rc [v1.11.3]
   806 | D:1      | Reached XP level 3. HP: 25/25 MP: 7/9
   810 | D:1      | Learned a level 3 spell: Frozen Ramparts
   814 | D:1      | Learned a level 3 spell: Ozocubu's Armour
   932 | D:1      | Reached skill level 5 in Spellcasting
  1004 | D:1      | magus.rc [v1.11.3]
  1158 | D:2      | Reached skill level 1 in Invocations
  1237 | D:2      | Reached skill level 1 in Fighting
  1237 | D:2      | Reached skill level 1 in Short Blades
  1237 | D:2      | Reached skill level 1 in Long Blades
  1237 | D:2      | Reached skill level 1 in Axes
  1237 | D:2      | Reached skill level 1 in Maces & Flails
  1237 | D:2      | Reached skill level 1 in Polearms
  1237 | D:2      | Reached skill level 1 in Staves
  1237 | D:2      | Reached skill level 1 in Slings
  1237 | D:2      | Reached skill level 1 in Bows
  1237 | D:2      | Reached skill level 1 in Crossbows
  1237 | D:2      | Reached skill level 1 in Throwing
  1237 | D:2      | Reached skill level 1 in Armour
  1237 | D:2      | Reached skill level 1 in Shields
  1237 | D:2      | Reached skill level 1 in Unarmed Combat
  1237 | D:2      | Reached skill level 1 in Evocations
  1237 | D:2      | Reached XP level 4. HP: 27/32 MP: 7/11
  1429 | D:2      | Found a shimmering altar of Xom.
  1661 | D:2      | Reached skill level 1 in Conjurations
  1661 | D:2      | Reached skill level 1 in Hexes
  1661 | D:2      | Reached skill level 1 in Summonings
  1661 | D:2      | Reached skill level 1 in Necromancy
  1661 | D:2      | Reached skill level 1 in Translocations
  1661 | D:2      | Reached skill level 1 in Transmutations
  1661 | D:2      | Reached skill level 1 in Fire Magic
  1661 | D:2      | Reached skill level 1 in Air Magic
  1661 | D:2      | Reached skill level 1 in Earth Magic
  1661 | D:2      | Reached skill level 1 in Poison Magic
  2111 | D:3      | Found a white marble altar of Elyvilon.
  2221 | D:3      | Found a faded altar of an unknown god.
  2355 | D:3      | Found a burning altar of Makhleb.
  2492 | D:3      | Reached XP level 5. HP: 34/37 MP: 9/12
  2545 | D:3      | Found a hide-covered altar of Uskayaw.
  2781 | D:3      | Found a shimmering altar of Xom.
  2815 | D:3      | Found a hazy altar of Hepliaklqana.
  2961 | D:3      | magus.rc [v1.11.3]
  2961 | D:3      | magus.rc [v1.11.3]
  3054 | D:4      | Noticed Dowan
  3210 | D:3      | magus.rc [v1.11.3]
  3223 | D:4      | Noticed Duvessa
  3231 | D:4      | Killed Duvessa
  3232 | D:4      | Reached skill level 5 in Dodging
  3232 | D:4      | Reached skill level 2 in Invocations
  3232 | D:4      | Reached XP level 6. HP: 44/44 MP: 4/14
  3234 | D:4      | Killed Dowan
  3235 | D:4      | Reached skill level 2 in Fighting
  3235 | D:4      | Reached skill level 2 in Short Blades
  3235 | D:4      | Reached skill level 2 in Long Blades
  3235 | D:4      | Reached skill level 2 in Axes
  3235 | D:4      | Reached skill level 2 in Maces & Flails
  3235 | D:4      | Reached skill level 2 in Polearms
  3235 | D:4      | Reached skill level 2 in Staves
  3235 | D:4      | Reached skill level 2 in Slings
  3235 | D:4      | Reached skill level 2 in Bows
  3235 | D:4      | Reached skill level 2 in Crossbows
  3235 | D:4      | Reached skill level 2 in Throwing
  3235 | D:4      | Reached skill level 2 in Armour
  3235 | D:4      | Reached skill level 2 in Shields
  3235 | D:4      | Reached skill level 2 in Unarmed Combat
  3235 | D:4      | Reached skill level 2 in Evocations
  3369 | D:4      | Found a glowing golden altar of the Shining One.
  3385 | D:4      | Found an ornate altar of the Wu Jian Council.
  3442 | D:4      | magus.rc [v1.11.3]
  3496 | D:4      | Found an ancient bone altar of Kikubaaqudgha.
  3501 | D:4      | Found a shimmering blue altar of Sif Muna.
  3502 | D:4      | Found a radiant altar of Vehumet.
  3529 | D:4      | Found Vaczicaw's General Store.
  3547 | D:4      | Bought a scroll of identify for 20 gold pieces
  3547 | D:4      | Bought a potion of heal wounds for 50 gold pieces
  3547 | D:4      | Bought a scroll of fog for 20 gold pieces
  3547 | D:4      | Bought a potion of flight for 30 gold pieces
  3547 | D:4      | Bought a scroll of identify for 20 gold pieces
  3558 | D:4      | Got Vehumet's Reference Book on Battle Magic
  3624 | D:3      | Became a worshipper of Uskayaw the Reveller
  3821 | D:5      | Entered Level 5 of the Dungeon
  3827 | D:5      | Reached * piety under Uskayaw
  3829 | D:5      | Reached ** piety under Uskayaw
  3831 | D:5      | Noticed Menkaure
  3831 | D:5      | Reached *** piety under Uskayaw
  3832 | D:5      | Noticed Edmund
  3832 | D:5      | Reached **** piety under Uskayaw
  3833 | D:5      | Reached XP level 7. HP: 31/50 MP: 11/15
  3836 | D:5      | HP: 12/50 [??? (10)]
  3839 | D:4      | HP: 5/50 [poisoned by a scorpion]
  4138 | D:5      | HP: 4/50 [Edmund/+4 flail of distortion (15)]
  4140 | D:5      | Slain by Edmund

Vanquished Creatures
  Duvessa (D:4)
  2 scorpions
  Dowan (D:4)
  A howler monkey (D:4)
  2 hounds
  5 adders
  An ufetubus (D:3)
  2 dart slugs
  5 orcs
  4 ball pythons
  3 endoplasms
  10 goblins
  7 hobgoblins
  6 kobolds
  7 quokkas
  5 bats
  7 frilled lizards
  7 rats
76 creatures vanquished.

Vanquished Creatures (others)
  11 plants
11 creatures vanquished.

Grand Total: 87 creatures vanquished

Table legend:
 A = Non-vault XP
 B = Vault XP
 C = Vault XP percentage of total XP
 D = Non-vault monster count
 E = Vault monster count
 F = Vault count percentage of total count
                 A         B        C        D         E       F
            +---------+---------+-------+---------+---------+-------
      Total |     474 |     209 |  30.6 |      72 |       4 |   5.3
            +---------+---------+-------+---------+---------+-------
        D:1 |      37 |       0 |   0.0 |      26 |       0 |   0.0
        D:2 |      97 |       0 |   0.0 |      12 |       0 |   0.0
        D:3 |      68 |       4 |   5.6 |      20 |       2 |   9.1
        D:4 |     147 |     205 |  58.2 |      12 |       2 |  14.3
        D:5 |     125 |       0 |   0.0 |       2 |       0 |   0.0
            +---------+---------+-------+---------+---------+-------

Illustrated notes

Table legend:
 A = Kills in this place as a percentage of kills in entire the game.
 B = Kills by you in this place as a percentage of kills by you in the entire game.
 C = Kills by friends in this place as a percentage of kills by friends in the entire game.
 D = Other kills in this place as a percentage of other kills in the entire game.
 E = Experience gained in this place as a percentage of experience gained in the entire game.
 F = Experience gained in this place divided by the number of levels of this place that you have seen.
                   A       B       C       D       E      F
               +-------+-------+-------+-------+-------+----------------------
         Total | 100.0 | 100.0 |   N/A |   N/A | 100.0 | 136.6
       Dungeon | 100.0 | 100.0 |   N/A |   N/A | 100.0 | 136.6
               +-------+-------+-------+-------+-------+----------------------

Table legend: (Time is in decaauts)
 A = Elapsed time spent in this place.
 B = Non-inter-level travel time spent in this place.
 C = Inter-level travel time spent in this place.
 D = Time resting spent in this place.
 E = Time spent auto-exploring this place.
 F = Levels seen in this place.
 G = Mean time per level.
                   A        B        C        D        E       F      G
               +--------+--------+--------+--------+--------+-----+--------+
         Total |   4145 |   3893 |    252 |    286 |   3016 |   5 |  829.0 |
       Dungeon |   4145 |   3893 |    252 |    286 |   3016 |   5 |  829.0 |
               +--------+--------+--------+--------+--------+-----+--------+

Top non-repeatable levels by time:
     D:3: 1157 daAuts
     D:1: 1035 daAuts
     D:4: 1016 daAuts
     D:2: 913 daAuts
     D:5: 23 daAuts
